 Dungeon Crawl Stone Soup version 0.26.0-10-g1f06aea511 (webtiles) character file.

Game seed: 16000351673934196854

2715 Borgoz the Slasher (level 9, 0/75 HPs)
             Began as a Ghoul Gladiator on Jan 15, 2021.
             Was a Follower of Ashenzari.
             Slain by an orc warrior
             ... wielding a +0 battleaxe
              (24 damage)
             ... on level 8 of the Dungeon.
             The game lasted 00:10:59 (8146 turns).

Borgoz the Slasher (Ghoul Gladiator)                Turns: 8146, Time: 00:11:00

Health: 0/75       AC: 13    Str: 18      XL:     9   Next: 66%
Magic:  8/8        EV: 14    Int:  3      God:    Ashenzari [*.....]
Gold:   469        SH:  6    Dex: 15 (16) Spells: 8/8 levels left

rFire    . . .     SeeInvis .   n - +3 falchion
rCold    + . .     Faith    .   k - +1 buckler {reflect}
rNeg     + + +     Spirit   .   s - +0 ring mail
rPois    ∞         Reflect  +   c - +0 helmet
rElec    .         Harm     .   (no cloak)
rCorr    .         Rampage  .   l - +1 pair of gloves {Dex+3}
Will     .....                  h - +2 pair of boots
Stlth    ++........             (no amulet)
HPRegen  0.00/turn              v - ring of stealth
MPRegen  0.11/turn              (no ring)

@: no status effects
A: claws 1, cold resistance 1, negative energy resistance 3, inhibited
regeneration, torment resistance, unbreathing
a: Renounce Religion, Curse Item, Scrying


You were on level 8 of the Dungeon.
You worshipped Ashenzari.
Ashenzari was aware of your devotion.
You visited 2 branches of the dungeon, and saw 9 of its levels.
You also visited: Sewer.

You collected 469 gold pieces.

Inventory:

Hand Weapons
 a - a +0 long sword
 n - a +3 falchion (weapon)
 x - a +2 great sword
Missiles
 d - a throwing net (quivered)
Armour
 c - a +0 helmet (worn)
 e - the +1 robe of Goifescha {-Cast rC++ Slay+3 Stlth+}
   (You found it on level 4 of the Dungeon)

   It affects your accuracy and damage with ranged weapons and melee attacks
   (+3).
   It greatly protects you from cold.
   It prevents spellcasting.
   It makes you more stealthy.
 h - a +2 pair of boots (worn)
 k - a +1 buckler of reflection (worn)
 l - a +1 pair of gloves of dexterity (worn)
 s - a +0 ring mail (worn)
Jewellery
 v - a ring of stealth (left hand)
Scrolls
 b - a scroll of identify
 f - 5 scrolls of remove curse
 g - 3 scrolls of teleportation
 m - a scroll of fog
 o - 2 scrolls of magic mapping
 u - a scroll of random uselessness {unknown}
Potions
 i - 2 potions of cancellation
 j - a potion of lignification {unknown}
 p - 7 potions of flight
 q - a potion of haste
 r - 4 potions of curing
 t - 2 potions of brilliance
 w - 2 potions of magic


   Skills:
 + Level 5.7 Fighting
 * Level 6.9 Long Blades
 - Level 1.7 Throwing
 * Level 6.1 Armour
 + Level 5.3 Dodging
 + Level 4.0 Shields


You had 8 spell levels left.
You didn't know any spells.
Your spell library contained the following spells:

 Spells                   Type           Power        Failure   Level
 Corona                   Hex            0%           71%         1
 Freeze                   Ice            0%           71%         1
 Ensorcelled Hibernation  Hex/Ice        0%           83%         2
 Confusing Touch          Hex            0%           97%         3
 Dazzling Flash           Conj/Hex       0%           97%         3
 Frozen Ramparts          Ice            0%           97%         3
 Ozocubu's Armour         Ice            0%           97%         3
 Tukima's Dance           Hex            0%           97%         3
 Hailstorm                Conj/Ice       0%           100%        4
 Summon Ice Beast         Ice/Summ       0%           100%        4


Dungeon Overview and Level Annotations

Branches:
Dungeon (8/15)             Temple (1/1) D:5           Sewer (visited)
   Lair: D:8-11

Altars:
Ashenzari
Cheibriados
Dithmenos
Fedhas
Gozag
Hepliaklqana
Kikubaaqudgha
Makhleb
Nemelex Xobeh
Okawaru
Qazlal
Ru
Sif Muna
Trog
Uskayaw
Vehumet
Wu Jian
Xom
Yredelemnul

Annotations:
D:7 1 transporter, kthxbai's ghost, amateur TeAE


Innate Abilities, Weirdness & Mutations

You thrive by killing the living.
You are immune to poison.
You have sharp fingernails.
Your flesh is cold resistant. (rC+)
You are immune to negative energy. (rN+++)
You do not regenerate when monsters are visible.
You are immune to unholy pain and torment.
You can survive without breathing.


Message History

You block the quasit's attack.
The quasit claws you but does no damage. x2
The quasit bites you but does no damage.
The quasit closely misses you. x2
You hit the quasit but do no damage.
The quasit is almost dead.
The quasit bites you but does no damage.
The quasit claws you but does no damage. x2
Your ring mail prevents you from hitting the quasit.
The quasit is almost dead.
You block the quasit's attack. The quasit misses you.
The quasit closely misses you.
You hit the quasit.
You kill the quasit!
You block the orc warrior's attack.
Things that are here:
a +0 trident; a +0 plate armour You barely miss the orc warrior.
The orc warrior hits you with a +0 battleaxe!!
You die...

.####.###....#.##......##.#
.#...)).#....#.##...[)##
#.#
.##.#.#.#........†5.).)#
#.#
.#..#.#.#.####o##......#
#.# ......#.#
####.###+##..# #.#
##.##†(<#.#.........#..# #.
......#.#.#.#..........#
#...........#..#######.#
......#.#.#.#..o@......#
#####.#.#.###.##########
....................#
....#...#.###.##....#
............).......#
....................#
###.###.............+
...................#
###...........#?....#


You could see an orc warrior.

Vanquished Creatures
  Eustachio (D:4)
  Sigmund (D:5)
  A water moccasin (D:7)
  3 orc warriors
  2 ogres
  A phantom (D:5)
  A centaur (D:8)
  2 big kobolds (Sewer)
  Blork the orc (D:4)
  2 bullfrogs
  2 scorpions
  A water moccasin skeleton (D:6)
  5 wights
  A howler monkey (D:8)
  A centaur zombie (D:7)
  A quasit (D:8)
  A jelly (D:6)
  2 bullfrog skeletons (D:4)
  3 hounds
  2 centaur skeletons
  3 iguanas
  7 orc wizards
  3 worker ants (D:5)
  A hound zombie (D:6)
  2 worker ant zombies
  3 gnolls (D:4)
  12 adders
  A shadow imp (D:6)
  A white imp (D:8)
  2 oozes
  2 adder skeletons
  4 worms
  4 dart slugs
  4 leopard geckos
  15 orcs
  3 ball pythons
  12 bats
  8 giant cockroaches
  6 goblins
  6 hobgoblins
  3 quokkas
  6 frilled lizards
  18 kobolds
  A leopard gecko skeleton (D:6)
  2 quokka skeletons
  A rat (D:3)
164 creatures vanquished.

Vanquished Creatures (others)
  A plant (Sewer)
1 creature vanquished.

Grand Total: 165 creatures vanquished

Notes
Turn   | Place    | Note
-------+----------+-------------------------------------------
     0 | D:1      | Borgoz the Ghoul Gladiator began the quest for the Orb.
     0 | D:1      | Reached XP level 1. HP: 17/17 MP: 0/0
   229 | D:1      | Reached XP level 2. HP: 25/25 MP: 1/1
   579 | D:1      | Reached skill level 1 in Armour
   786 | D:2      | Reached XP level 3. HP: 30/30 MP: 2/2
  1193 | D:2      | Reached XP level 4. HP: 37/37 MP: 3/3
  1398 | D:3      | Found a faded altar of an unknown god.
  2152 | D:3      | Found a sacrificial altar of Ru.
  2155 | D:3      | Found a blossoming altar of Fedhas.
  2157 | D:3      | Found a bloodstained altar of Trog.
  2264 | D:4      | Reached XP level 5. HP: 44/44 MP: 4/4
  2268 | D:4      | Noticed Blork the orc
  2279 | D:4      | Killed Blork the orc
  2280 | D:4      | Reached skill level 1 in Shields
  2400 | D:4      | Reached XP level 6. HP: 36/51 MP: 5/5
  3091 | D:4      | Got a tattered robe
  3491 | D:5      | Entered Level 5 of the Dungeon
  3491 | D:5      | Found a staircase to the Ecumenical Temple.
  3491 | D:5      | Noticed Eustachio
  3505 | D:5      | Reached XP level 7. HP: 30/57 MP: 6/6
  3512 | D:5      | Found a glowing drain.
  3553 | D:5      | Noticed Sigmund
  3568 | Sewer    | Entered a sewer
  4311 | D:5      | Killed Sigmund
  4312 | D:5      | Reached skill level 5 in Long Blades
  4512 | D:5      | Reached XP level 8. HP: 60/66 MP: 7/7
  5294 | D:4      | Killed Eustachio
  5369 | Temple   | Entered the Ecumenical Temple
  5555 | Temple   | Became a worshipper of Ashenzari the Shackled
  5713 | D:6      | Found the +3 Elemental Staff {rElec rF++ rC++ Will++ AC+5}
  6489 | D:7      | Reached skill level 5 in Armour
  6770 | D:7      | Reached skill level 5 in Fighting
  6770 | D:7      | Reached XP level 9. HP: 46/74 MP: 8/8
  7073 | D:7      | HP: 3/74 [orc warrior/+0 trident (19)]
  7277 | D:7      | Found a blossoming altar of Fedhas.
  7301 | D:7      | Reached skill level 5 in Dodging
  7517 | D:7      | Reached * piety under Ashenzari
  7539 | D:7      | Found a transporter.
  7542 | D:7      | Found a transporter.
  7544 | D:7      | Found a bloodstained altar of Trog.
  7544 | D:7      | Noticed a moth of wrath
  7548 | D:7      | Noticed kthxbai's ghost (amateur TeAE)
  7554 | D:7      | Identified the +8 war axe "Cietrim" {vorpal, *Drain Will+
                  | Dex+4 Stlth+}
  7554 | D:7      | Noticed a tengu warrior
  8146 | D:8      | Slain by an orc warrior

Illustrated notes

Levels and vault maps discovered:
D:1:      onia_arrival_pentagram, layout_basic
D:2:      layout_rooms
D:3:      layout_basic, minitemple, chequers_ecumenical_altar_island,
          serial_glass, glass_columns_c, glass_columns_a,
          hangedman_feature_mirror
D:4:      cheibrodos_helix_gallery, layout_basic, uniq_blork_the_orc
D:5:      layout_loops_ring, temple_statues, cheibrodos_sewer_entry_drain,
          uniq_eustachio, uniq_sigmund
D:6:      layout_basic, ebering_dispersal_statue_hall,
          minmay_a_box_with_orc_wizards_in_it
D:7:      layout_cave_pools, gammafunk_ghost_wrathful_warriors, fedhas_altar_2
D:8:      minmay_imperfect_grid, layout_basic, good_gods_mini_temple,
          minmay_mini_ossuary
Temple:   eino_temple_scatter_basement

Skill      XL: |  1  2  3  4  5  6  7  8  9 |
---------------+----------------------------+-----
Long Blades    | 3 4 5 6 |  6.9
Armour         | 1 2 3 4 5 6 |  6.1
Dodging        | 3 4 5 |  5.3
Fighting       | 3 4 5 |  5.7
Shields        | 1 2 3 4 |  4.0
Throwing       | |  1.7

Action                   |  1- 3 |  4- 6 |  7- 9 || total
-------------------------+-------+-------+-------++-------
Melee: Long sword        |    82 |   192 |   351 ||   625
       Falchion          |       |       |   172 ||   172
Throw: Throwing net      |       |       |     2 ||     2
  Use: Potion            |       |     5 |    11 ||    16
       Scroll            |       |     2 |     9 ||    11
 Stab: Held in net/web   |       |       |     3 ||     3
Armor: Leather armour    |    23 |    36 |       ||    59
       Ring mail         |       |    33 |   232 ||   265
Dodge: Dodged            |    63 |   179 |   363 ||   605
Block: Buckler           |     3 |    69 |   184 ||   256
       Reflection        |       |       |     4 ||     4
       Rpst.: Long sword |    20 |    41 |    79 ||   140
       Falchion          |       |       |    44 ||    44
